 Dungeon Sprint DCSS version 0.29-a0-322-g68df515428 (webtiles) character file.

Game seed: 14268955326321305718

4927 SkeletonJelly the Warrior (level 10, -3/111 HPs)
             Began as a Green Draconian Monk on Apr 9, 2022.
             Was an Initiate of Gozag.
             Slain by a cane toad (11 damage)
             ... in the Dungeon (Sprint IX: "|||||||||||||||||||||||||||||").
             The game lasted 00:05:03 (1498 turns).

SkeletonJelly the Warrior (Green Draconian Monk)    Turns: 1498, Time: 00:05:04

Health: -3/111     AC:  9    Str: 20    XL:     10   Next: 27%
Magic:  10/10      EV: 16    Int: 12    God:    Gozag
Gold:   1393       SH:  5    Dex: 13    Spells: 9/9 levels left

rFire   . . .      SeeInvis .   l - +2 scimitar (holy)
rCold   . . .      Faith    .   s - +0 buckler
rNeg    . . .      Spirit   .   (body armour unavailable)
rPois   +          Reflect  .   (helmet restricted)
rElec   .          Harm     .   (no cloak)
rCorr   .          Rampage  .   (no gloves)
Will    .....      NoTele   +   (no boots)
Stlth   ++........              (no amulet)
HPRegen 0.28/turn               m - +3 ring of strength
MPRegen 0.12/turn               n - +2 ring of protection

@: gold aura
A: breathe noxious fumes, AC +7, unfitting armour, poison resistance,
cold-blooded
a: Breathe Noxious Fumes, Renounce Religion, Potion Petition, Call Merchant,
Bribe Branch


You were in the Dungeon.
You worshipped Gozag.
Gozag was most pleased with you.
You visited 1 branch You collected 1393 gold pieces.

Inventory:

Hand Weapons
 a - a +0 falchion
 k - a +2 rapier of distortion
 l - a +2 scimitar of holy wrath (weapon)
Armour
 s - a +0 buckler (worn)
Jewellery
 m - a +3 ring of strength (left hand)
 n - a +2 ring of protection (right hand)
Wands
 j - a wand of acid (10)
Scrolls
 h - 2 scrolls of blinking
 i - 2 scrolls of amnesia
 o - a scroll of fog
 p - 2 scrolls of enchant weapon
 q - 2 scrolls of identify
 r - a scroll of fear
Potions
 b - a potion of ambrosia
 c - 8 potions of curing
 d - 7 potions of heal wounds
 e - a potion of resistance
 f - 4 potions of magic
 g - a potion of brilliance


   Skills:
 + Level 17.3 Fighting
 - Level 14.0 Long Blades
 + Level 11.0 Dodging
 - Level 1.7 Stealth
 - Level 6.0 Shields


You had 9 spell levels left.
You didn't know any spells.
Your spell library was empty.

Dungeon Overview and Level Annotations

Branches:
Dungeon (1/1)

Altars:
Cheibriados
Dithmenos
Elyvilon
Fedhas
Gozag
Hepliaklqana
Kikubaaqudgha
Makhleb
Nemelex Xobeh
Okawaru
Qazlal
Ru
Sif Muna
Trog
Uskayaw
Vehumet
Wu Jian
Xom
Yredelemnul
Zin
The Shining One
Beogh
Jiyva
Lugonu


Innate Abilities, Weirdness & Mutations

You can breathe blasts of noxious fumes.
Your lurid green scales are hard. (AC +7)
You cannot fit into any form of body armour.
Your system is resistant to poisons. (rPois)
You are cold-blooded and may be slowed by cold attacks.


Message History

You hit the cane toad but do no damage.
You tail-slap the cane toad, but do no damage.
The cane toad is heavily wounded.
You hear a croak.
The cane toad is no longer distracted by gold.
The bullfrog is no longer distracted by gold.
The cane toad closely misses you.
The bullfrog releases a deep croak.
You barely miss the cane toad.
The cane toad is heavily wounded.
The komodo dragon bites the cane toad!
The cane toad stings you!
You take 7 damage, and have 82/111 hp.
You hit the cane toad but do no damage.
Your tail-slap misses the cane toad.
The cane toad is heavily wounded.
A bullfrog comes into view.
The bullfrog is distracted by your dazzling golden aura.
The komodo dragon barely misses the bullfrog.
You block the cane toad's attack.
The bullfrog croaks.
You hit the cane toad.
The cane toad is severely wounded.
The cane toad stings you.
You take 6 damage, and have 76/111 hp.
You hit the cane toad but do no damage.
The cane toad is severely wounded.
The bullfrog is no longer distracted by gold.
The cane toad stings you but does no damage.
You completely miss the cane toad.
The cane toad is severely wounded.
The bullfrog hits the cane toad.
You block the cane toad's attack.
The komodo dragon bites the bullfrog!!
The bullfrog is killed!
Your Shields skill increases to level 5!
You hit the cane toad.
You tail-slap the cane toad, but do no damage.
The cane toad is severely wounded.
The cane toad stings you!
You take 8 damage, and have 68/111 hp.
You slash the cane toad!
You kill the cane toad!
The cane toad is distracted by your dazzling golden aura.
Training target 6.0 for Shields reached!
Your Shields skill increases to level 6!
You need to enable at least one skill for training.
Unknown command.
The cane toad is no longer distracted by gold.
The bullfrog is distracted by your dazzling golden aura.
The komodo dragon bites you!!
There is an open door to the Lair, spattered with blood here.
You see here 270 gold pieces.
You take 20 damage, and have 48/111 hp.
The bullfrog croaks.
You hit the komodo dragon but do no damage.
The komodo dragon is lightly wounded.
The bullfrog is distracted by your dazzling golden aura.
The komodo dragon bites you!!
* * * LOW HITPOINT WARNING * * *
You take 19 damage, and have 29/111 hp.
The bullfrog gives a loud, deep croak!
You slash the komodo dragon! You tail-slap the komodo dragon.
The komodo dragon is heavily wounded.
You have got your breath back.
The bullfrog is no longer distracted by gold.
The komodo dragon bites the cane toad!
The komodo dragon bites itself!
You hit the komodo dragon.
You tail-slap the komodo dragon, but do no damage.
The komodo dragon is almost dead.
You slash the komodo dragon!
You kill the komodo dragon!
Your Dodging skill increases to level 11!
You closely miss the cane toad.
You tail-slap the cane toad, but do no damage.
The cane toad is heavily wounded.
The bullfrog is distracted by your dazzling golden aura.
You block the cane toad's attack.
You hit the cane toad.
The cane toad is severely wounded.
The bullfrog is no longer distracted by gold.
You block the cane toad's attack.
You hit the cane toad but do no damage.
Your tail-slap misses the cane toad.
The cane toad is heavily wounded.
You barely miss the cane toad.
The cane toad is heavily wounded.
The cane toad closely misses you.
You slash the cane toad!
The cane toad is severely wounded.
The cane toad stings you!
* * * LOW HITPOINT WARNING * * *
You take 12 damage, and have 19/111 hp.
You barely miss the cane toad.
The cane toad is severely wounded.
The cane toad stings you!
* * * LOW HITPOINT WARNING * * *
You take 11 damage, and have 8/111 hp.
You slash the cane toad!
The cane toad is almost dead.
The bullfrog is no longer distracted by gold.
The cane toad stings you!
You die...
Your body crumbles into a pile of gold.

$ ▓.▓_▓
$
▓.▓.▓_▓
▓.▓.▓_▓
$
▓.▓.▓_▓
$
▓.▓.▓_▓
$
▓F▓.▓_▓
$
▓F▓.▓_▓
$
▓F▓.▓_▓
$
▓@▓.▓_▓
$
▓.▓.▓_▓
$
▓.▓.▓_▓
$
▓.▓.▓_▓
$
▓.▓.▓_▓
$
▓.▓.▓'▓
$
▓.▓.▓.▓
$
▓[▓.▓.▓
▓.▓.▓.▓


You could see a cane toad and 2 bullfrogs.

Vanquished Creatures
  A two-headed ogre (D)
  2 centaur warriors (D)
  A skeletal warrior (D)
  A manticore (D)
  A cyclops (D)
  A cane toad (D)
  A gargoyle (D)
  A komodo dragon (D)
  A rime drake (D)
  A tengu conjurer (D)
  A wraith (D)
  A yak (D)
  A water moccasin (D)
  2 bullfrogs (D)
  A howler monkey (D)
  A hound (D)
  2 iguanas (D)
  An orc wizard (D)
  A white imp (D)
  4 bats (D)
  A kobold (D)
27 creatures vanquished.

Vanquished Creatures (others)
  A gargoyle (D)
1 creature vanquished.

Grand Total: 28 creatures vanquished

Notes
Turn   | Place    | Note
-------+----------+-------------------------------------------
     0 | D        | SkeletonJelly the Draconian Monk began the quest for the
                  | Orb.
     0 | D        | Reached XP level 1. HP: 19/19 MP: 1/1
    13 | D        | Reached skill level 4 in Fighting
    24 | D        | Noticed an iguana
    24 | D        | Noticed a hound
    24 | D        | Noticed a howler monkey
    24 | D        | Noticed an iguana
    31 | D        | Killed an iguana
    32 | D        | Reached skill level 5 in Fighting
    32 | D        | Reached XP level 2. HP: 29/29 MP: 2/2
    32 | D        | Reached XP level 3. HP: 36/36 MP: 3/3
    36 | D        | Reached skill level 6 in Fighting
    36 | D        | Reached skill level 5 in Long Blades
    36 | D        | Reached XP level 4. HP: 45/45 MP: 4/4
    39 | D        | Reached skill level 7 in Fighting
   345 | D        | Found a snail-covered altar of Cheibriados.
   345 | D        | Found a shadowy altar of Dithmenos.
   345 | D        | Found a white marble altar of Elyvilon.
   345 | D        | Found a blossoming altar of Fedhas.
   345 | D        | Found an opulent altar of Gozag.
   346 | D        | Found a hazy altar of Hepliaklqana.
   347 | D        | Found a viscous altar of Jiyva.
   348 | D        | Found an ancient bone altar of Kikubaaqudgha.
   349 | D        | Found a corrupted altar of Lugonu.
   350 | D        | Found a burning altar of Makhleb.
   351 | D        | Found a sparkling altar of Nemelex Xobeh.
   352 | D        | Found an iron altar of Okawaru.
   353 | D        | Found a stormy altar of Qazlal.
   354 | D        | Found a sacrificial altar of Ru.
   359 | D        | Found a shimmering blue altar of Sif Muna.
   360 | D        | Found a bloodstained altar of Trog.
   361 | D        | Found a hide-covered altar of Uskayaw.
   362 | D        | Found a radiant altar of Vehumet.
   369 | D        | Became a worshipper of Gozag Ym Sagoz the Greedy
   376 | D        | Found an ornate altar of the Wu Jian Council.
   377 | D        | Found a shimmering altar of Xom.
   378 | D        | Found a basalt altar of Yredelemnul.
   379 | D        | Found a glowing silver altar of Zin.
   380 | D        | Found a glowing golden altar of the Shining One.
   408 | D        | Noticed a two-headed ogre
   408 | D        | Noticed a gargoyle
   408 | D        | Noticed a gargoyle
   408 | D        | Noticed a yak
   408 | D        | Noticed a wraith
   412 | D        | Killed a wraith
   413 | D        | Reached skill level 9 in Fighting
   413 | D        | Reached skill level 5 in Dodging
   413 | D        | Reached XP level 5. HP: 47/57 MP: 5/5
   413 | D        | Reached XP level 6. HP: 53/64 MP: 6/6
   419 | D        | Killed a yak
   420 | D        | Reached skill level 10 in Fighting
   421 | D        | Killed a gargoyle
   434 | D        | Killed a gargoyle
   435 | D        | Reached skill level 11 in Fighting
   435 | D        | Reached skill level 10 in Long Blades
   435 | D        | Your scales start taking on a lurid green colour.
   435 | D        | Reached XP level 7. HP: 11/74 MP: 7/7
   435 | D        | Gained mutation: Your system is resistant to poisons.
                  | (rPois) [Green Draconian growth]
   441 | D        | Killed a two-headed ogre
   442 | D        | Reached skill level 13 in Fighting
   442 | D        | Reached XP level 8. HP: 15/86 MP: 8/8
   745 | D        | Noticed a centaur warrior
   745 | D        | Noticed a cyclops
   745 | D        | Noticed a tengu conjurer
   745 | D        | Noticed a centaur warrior
   745 | D        | Noticed a manticore
   745 | D        | Noticed a skeletal warrior
   753 | D        | Killed a skeletal warrior
   754 | D        | Reached skill level 14 in Fighting
   756 | D        | Killed a manticore
   757 | D        | Reached XP level 9. HP: 32/96 MP: 9/9
   757 | D        | Killed a centaur warrior
   758 | D        | Reached skill level 15 in Fighting
   759 | D        | Killed a tengu conjurer
   764 | D        | Killed a cyclops
   765 | D        | Reached skill level 16 in Fighting
   765 | D        | Reached skill level 10 in Dodging
   772 | D        | Killed a centaur warrior
   773 | D        | Reached skill level 17 in Fighting
   773 | D        | Reached XP level 10. HP: 10/111 MP: 10/10
  1461 | D        | Noticed a cane toad
  1466 | D        | Noticed a cane toad
  1485 | D        | Reached skill level 5 in Shields
  1486 | D        | Killed a cane toad
  1498 | D        | Slain by a cane toad

Illustrated notes

Levels and vault maps discovered:
D:        linesprint [early_d, line_temple, items_1, d_10, items_2, lair_1,
          lair_end, items_3, orc_1, orc_end, items_4, d_15, swamp_1, shoals_1,
          snake_1, spider_1, d_20, vaults_1, items_5, swamp_end, shoals_end,
          snake_end, spider_end, vaults_end, d_27, items_6, zot_1, zot_end,
          crypt_end, forest_end, elf_end, slime_end, tomb_end, abyss_end,
          pan_hell_end]

Skill      XL: |  1  2  3  4  5  6  7  8  9 10 |
---------------+-------------------------------+-----
Fighting       | 5 6 9 11 13 14 17 | 17.3
Dodging        | 3 4 5 7 8 9 10 11 | 11.0
Long Blades    | 4 5 8 10 12 13 14 | 14.0
Shields        | 6 |  6.0
Stealth        | |  1.7

Action                   |  1- 3 |  4- 6 |  7- 9 | 10-12 || total
-------------------------+-------+-------+-------+-------++-------
Melee: Falchion          |    23 |    28 |       |       ||    51
       Scimitar          |       |    24 |    24 |    35 ||    83
       Tailslap          |       |     7 |     4 |     7 ||    18
 Abil: Breathe Noxious F |       |       |     2 |     1 ||     3
  Use: Potion            |     1 |     1 |     1 |       ||     3
 Stab: Invisible         |       |     5 |     1 |       ||     6
Armor: Skin              |    15 |     8 |     3 |     4 ||    30
Dodge: Dodged            |    23 |    26 |     2 |    10 ||    61
Block: Buckler           |       |       |       |     4 ||     4

Table legend: (Time is in decaauts)
 A = Elapsed time spent in this place.
 B = Non-inter-level travel time spent in this place.
 C = Inter-level travel time spent in this place.
 D = Time resting spent in this place.
 E = Time spent auto-exploring this place.
 F = Levels seen in this place.
 G = Mean time per level.
                   A        B        C        D        E       F      G
               +--------+--------+--------+--------+--------+-----+--------+
         Total |   1476 |   1383 |     93 |      0 |   1132 |   1 | 1476.0 |
       Dungeon |   1476 |   1383 |     93 |      0 |   1132 |   1 | 1476.0 |
               +--------+--------+--------+--------+--------+-----+--------+

Top non-repeatable levels by time:
       D: 1476 daAuts
